Map: Ancient Cistern LE

Players

陈雯雯 - Winner!

  • Race: Protoss Protoss
  • Spawn Location: 7:00

winzboy

  • Race: Protoss Protoss
  • League: Gold
  • Spawn Location: 1:00

VOD

Have the link to the VOD?

Description

Time

  • Played on: May 27, 2023, 3:20 a.m.
  • Length: 2:29
Show
View Real Time Build Order
Export as new Build Order

陈雯雯 Protoss - Winner!

Build Orders:  

Get SALT Encoding   

  12  0:00  Probe (Chrono Boost)  
  13  0:09  Probe (Chrono Boost)  
  14  0:17  Pylon  
  14  0:22  Probe  
  15  0:36  Forge  
  15  0:40  Probe  
  16  0:52  Probe  
  17  1:04  Pylon  
  17  1:11  Probe  
  17  1:13  Pylon  
  18  1:19  Gateway  
  18  1:24  Probe  
  19  1:31  Photon Cannon  
  19  1:42  Photon Cannon  
  19  2:00  Photon Cannon  
  19  2:12  Photon Cannon  
  19  2:16  Photon Cannon  
  19  2:26  Photon Cannon  
Show
View Real Time Build Order
Export as new Build Order

winzboy Protoss 

Build Orders:  

Get SALT Encoding   

  12  0:01  Probe  
  13  0:17  Pylon  
  13  0:18  Probe  
  14  0:30  Probe  
  15  0:41  Gateway  
  15  0:46  Assimilator  
  15  0:58  Probe (Chrono Boost)  
  16  1:08  Probe (Chrono Boost)  
  17  1:13  Probe (Chrono Boost)  
  18  1:24  Probe  
  19  1:28  Zealot (Chrono Boost)  
  21  1:36  Probe  
  21  1:39  Gateway  
  22  1:42  Cybernetics Core  
  22  1:48  Probe  
  23  2:14  Pylon  
Tags
 
League
Gold
Matchup
PvP
Replay Pack
Multiplayer
Spawn Locations
Cross Positions
Add a new tag
Caveats
  • Supply blocks, unpowered buildings, or Contaminate may cause inaccurate times.
  • Supply counts are checked every 10 seconds.